 Dungeon Crawl Stone Soup version 0.26-a0-753-g4680b4fa2e (webtiles) character file.

Game seed: 11195610489652644441

23 Descartes the Skirmisher (level 3, 30/30 HPs)
             Began as a Formicid Abyssal Knight on Nov 7, 2020.
             Was a Follower of Lugonu.
             Got out of the dungeon alive.
             The game lasted 00:01:57 (1333 turns).

Descartes the Skirmisher (Formicid Abyssal Knight)  Turns: 1333, Time: 00:01:58

Health: 30/30      AC:  2    Str: 17    XL:     3   Next: 12%
Magic:  4/4        EV:  9    Int: 13    God:    Lugonu [*.....]
Gold:   27         SH:  0    Dex: 10    Spells: 2/2 levels left

rFire    . . .     SeeInvis +   a - +1 hand axe
rCold    . . .     Faith    .   (no shield)
rNeg     . . .     Spirit   .   n - -1 scale mail
rPois    .         Reflect  .   (helmet unavailable)
rElec    .         Harm     .   (no cloak)
rCorr    .         Rampage  .   (no gloves)
MR       .....                  (no boots)
Stlth    ..........             (no amulet)
HPRegen  0.10/turn              (no ring)
MPRegen  0.09/turn              (no ring)

@: no status effects
A: permanent stasis, dig shafts and tunnels, four strong arms, antennae 3,
hooves 1, clever 1, deformed body
a: Dig, Shaft Self, Depart the Abyss, Renounce Religion


You escaped.
You worshipped Lugonu.
Lugonu was aware of your devotion.
You visited 1 branch of the dungeon, and saw 1 of its levels.
You visited the Abyss 1 time.

You collected 27 gold pieces.

Inventory:

Hand Weapons
 a - a +1 hand axe (weapon)
Missiles
 c - 73 stones (quivered)
 f - 31 poisoned darts
Armour
 b - a +0 leather armour
 n - a -1 scale mail (worn)
Scrolls
 d - 2 scrolls of remove curse
 e - a scroll of identify
 g - a scroll of teleportation {unknown}
 h - a scroll of enchant weapon {unknown}
 k - 2 scrolls of immolation {unknown}
 m - a scroll of blinking {unknown}
Potions
 i - 2 potions of flight
 j - a potion of lignification


   Skills:
 + Level 4.0 Fighting
 + Level 2.1 Axes
 + Level 2.4 Armour
 + Level 1.0 Dodging
 + Level 2.4 Invocations


You had 2 spell levels left.
You didn't know any spells.
Your spell library was empty.

Dungeon Overview and Level Annotations

Branches:
Dungeon (1/15)

Altars:


Innate Abilities, Weirdness & Mutations

You cannot be hasted, slowed, berserked, paralysed or teleported.
You can dig through walls and to a lower floor.
Your four strong arms can wield two-handed weapons with a shield.
You have a pair of large antennae on your head. (SInv)
You have large cloven feet.
Your mind is acute. (Int +2)
Armour fits poorly on your strangely shaped body.


Message History

Done exploring.
Done exploring.
As you read the scroll labeled FUIRETS YVEA, it crumbles to dust.
You feel as if something is helping you.
It was a scroll of remove curse.
As you read the scroll labeled ROISOSYATE, it crumbles to dust.
It is a scroll of identify.
i - 2 potions of flight
As you read the scroll of identify, it crumbles to dust.
l - a potion of mutation
As you read the scroll of identify, it crumbles to dust.
j - a potion of lignification Really quaff the potion of mutation?
You feel extremely strange.
You feel clever.
Your body twists and deforms.
Your feet thicken and deform.
As you open the door, it creaks loudly!
There is an open door here.
There is a staircase leading out of the dungeon here.
Are you sure you want to leave the Dungeon?
This will make you lose the game!
You have escaped!

.........# #.#
....##+### #.#
....##+###############
#.#
.....................#
#.#
..............##'###'##
#.#
..............#...#...#
#.###
..............#...#.>.#
#...#
..............#...#...#
###.#
...#..........#.@.#.>.#
#.#
...+..........#...#...#
#.#
...######'#####...#.>.#
#.# ...######.#
###...#...# #.#
.......##.###'##'###'##
#.#
.......##.#..........#
#.#
.......##.#..........#
#.#
.......##.#..........#
######.#
...####...#.#'########
#......#


There were no monsters in sight!

Vanquished Creatures
  A dart slug (D:1)
  2 giant cockroaches (D:1)
  4 goblins (D:1)
  4 hobgoblins (D:1)
  2 bats (D:1)
  3 frilled lizards (D:1)
  5 rats (D:1)
21 creatures vanquished.

Notes
Turn   | Place    | Note
-------+----------+-------------------------------------------
     0 | Abyss:1  | Descartes the Formicid Abyssal Knight began the quest for
                  | the Orb.
     0 | Abyss:1  | Reached XP level 1. HP: 18/18 MP: 2/2
     4 | Abyss:1  | Found a corrupted altar of Lugonu.
    20 | Abyss:1  | Found a corrupted altar of Lugonu.
    47 | Abyss:1  | Noticed a guardian serpent
    48 | Abyss:1  | Noticed a large abomination
    49 | Abyss:1  | Noticed an iron imp
    53 | D:1      | Escaped the Abyss
   495 | D:1      | Reached XP level 2. HP: 25/25 MP: 3/3
   712 | D:1      | Reached * piety under Lugonu
   981 | D:1      | Reached skill level 4 in Fighting
  1057 | D:1      | Reached skill level 1 in Dodging
  1061 | D:1      | Reached XP level 3. HP: 30/30 MP: 4/4
  1304 | D:1      | Gained mutation: Your mind is acute. (Int +2) [potion of
                  | mutation]
  1304 | D:1      | Gained mutation: Armour fits poorly on your strangely
                  | shaped body. [potion of mutation]
  1304 | D:1      | Gained mutation: You have large cloven feet. [potion of
                  | mutation]
  1333 | D:$      | Got out of the dungeon alive.

Illustrated notes

Levels and vault maps discovered:
D:1:      minmay_arrival_up_and_down, layout_basic

Skill      XL: |  1  2 |
---------------+-------+-----
Fighting       | 4 |  4.0
Dodging        | 1 |  1.0
Axes           | |  2.1
Armour         | |  2.4
Invocations    | |  2.4

Action                   || total
-------------------------++-------
Melee: Hand axe          ||    55
Invok: Depart the Abyss  ||     1
  Use: Scroll            ||     4
       Potion            ||     1
Armor: Leather armour    ||    15
       Scale mail        ||     2
Dodge: Dodged            ||    18

Table legend: (Time is in decaauts)
 A = Elapsed time spent in this place.
 B = Non-inter-level travel time spent in this place.
 C = Inter-level travel time spent in this place.
 D = Time resting spent in this place.
 E = Time spent auto-exploring this place.
 F = Levels seen in this place.
 G = Mean time per level.
                   A        B        C        D        E       F      G
               +--------+--------+--------+--------+--------+-----+--------+
         Total |   1343 |   1310 |     33 |      0 |   1146 |   2 |  671.5 |
       Dungeon |   1290 |   1257 |     33 |      0 |   1099 |   1 | 1290.0 |
         Abyss |     53 |     53 |      0 |      0 |     47 |   1 |   53.0 |
               +--------+--------+--------+--------+--------+-----+--------+

Top non-repeatable levels by time:
     D:1: 1290 daAuts
 Abyss:1: 53 daAuts
